Map: 10000 Feet LE

Players

Maru

  • Race: Terran Terran
  • Spawn Location: 5:00

Zoun - Winner!

  • Race: Protoss Protoss
  • Spawn Location: 11:00

VOD

Have the link to the VOD?

Description

Time

  • Played on: May 28, 2026, 6:53 a.m.
  • Length: 20:01
Show
View Real Time Build Order
Export as new Build Order

Maru Terran 

Build Orders: Cyclone Opening 

Get SALT Encoding   

  12  0:00  SCV  
  13  0:12  SCV  
  14  0:17  Supply Depot  
  14  0:24  SCV  
  15  0:38  SCV  
  15  0:41  Barracks  
  16  0:44  Refinery  
  16  0:51  SCV  
  16  0:54  Refinery  
  17  1:03  SCV  
  18  1:15  SCV  
  19  1:27  Orbital Command  
  19  1:28  Reaper  
  20  1:42  Factory  
  20  1:47  Supply Depot  
  20  1:53  SCV  
  21  2:01  Barracks Reactor  
  21  2:05  SCV  
  22  2:17  SCV  
  22  2:21  Command Center  
  23  2:29  SCV  
  24  2:31  Starport  
  24  2:35  Factory Tech Lab  
  24  2:41  SCV, Marine  
  27  2:45  Supply Depot  
  26  2:53  Cyclone  
  26  2:55  SCV  
  30  2:59  Marine  
  31  3:07  Marine  
  31  3:08  Medivac  
  34  3:13  SCV  
  34  3:18  Marine  
  36  3:24  Marine  
  36  3:25  SCV  
  37  3:35  Barracks  
  37  3:37  SCV  
  37  3:41  Factory Tech Lab, Marine  
  38  3:47  Marine  
  40  3:48  Orbital Command  
  40  3:51  Raven  
  40  3:52  SCV  
  43  4:04  Barracks, Marine  
  43  4:05  SCV, Marine  
  46  4:15  SCV  
  48  4:17  SCV  
  48  4:20  Supply Depot  
  48  4:21  Bunker  
  48  4:25  Marine x2  
  48  4:28  Stimpack, Marauder  
  48  4:31  SCV  
  53  4:33  SCV  
  54  4:40  Factory Reactor, Starport Reactor  
  54  4:42  Supply Depot  
  54  4:45  Marine x2  
  54  4:47  SCV  
  54  4:51  Marauder  
  59  4:55  Refinery, SCV  
  59  4:58  Marauder  
  59  4:59  Combat Shield  
  62  5:03  Supply Depot  
  62  5:07  Marine x2  
  62  5:12  Marauder  
  66  5:15  SCV, Supply Depot  
  66  5:16  SCV  
  70  5:21  Marauder  
  70  5:25  Widow Mine x2  
  70  5:27  Medivac  
  76  5:31  Marine x2  
  76  5:35  Supply Depot  
  78  5:38  SCV, Marauder  
  78  5:40  SCV  
  82  5:48  Marauder  
  82  5:49  Marine  
  85  5:56  Widow Mine  
  87  5:58  SCV x2, Supply Depot  
  87  6:00  Marauder  
  91  6:06  Engineering Bay  
  91  6:07  Medivac  
  91  6:08  Concussive Shells  
  91  6:10  SCV  
  94  6:14  Supply Depot  
  94  6:16  Marine  
  93  6:20  Marauder  
  93  6:22  SCV  
  93  6:24  SCV  
  95  6:28  Marine, Marauder  
  95  6:31  Medivac  
  100  6:34  SCV  
  100  6:36  SCV  
  100  6:38  Terran Infantry Weapons Level 1  
  100  6:41  Marauder  
  100  6:42  Marine, Refinery  
  100  6:46  Medivac, SCV  
  103  6:50  Marauder  
  103  6:53  Widow Mine x2  
  104  6:55  Marine  
  99  7:03  Marauder  
  96  7:11  Command Center  
  96  7:12  SCV  
  97  7:18  Marine  
  97  7:19  Marine, Marauder  
  99  7:24  Marauder  
  99  7:26  Barracks  
  99  7:27  Barracks  
  101  7:30  Viking  
  101  7:32  Viking  
  101  7:35  SCV  
  104  7:40  Widow Mine x2  
  108  7:48  SCV x2  
  108  7:49  Supply Depot  
  110  7:52  Supply Depot  
  110  8:10  Viking x2  
  110  8:11  Marauder x2  
  110  8:12  Ghost Academy, Supply Depot  
  118  8:13  Marine x2  
  118  8:15  Barracks Tech Lab x2  
  118  8:16  SCV x2  
  122  8:22  Orbital Command  
  120  8:31  Marine, SCV  
  120  8:32  Terran Infantry Armor Level 1  
  120  8:33  Armory, Engineering Bay  
  120  8:40  Medivac x2  
  124  8:42  SCV  
  124  8:43  SCV, Orbital Command  
  124  8:46  Ghost  
  128  8:51  Marauder x2  
  128  8:54  SCV  
  133  8:59  SCV  
  134  9:06  Sensor Tower, Command Center, SCV  
  135  9:11  SCV x2  
  133  9:18  SCV  
  133  9:23  Marine, Marauder  
  137  9:29  Terran Infantry Weapons Level 2  
  137  9:34  Ghost x2, Marine  
  137  9:35  Marauder  
  144  9:39  Supply Depot x2  
  144  9:40  SCV x2, Marine  
  144  9:44  Orbital Command  
  144  9:45  Marauder  
  146  9:51  Command Center  
  135  9:56  SCV  
  131  10:00  Viking  
  131  10:02  SCV  
  132  10:12  SCV  
  132  10:13  Terran Ship Weapons Level 1  
  133  10:17  Marine x3, Marauder x3  
  142  10:24  SCV  
  142  10:25  Refinery  
  142  10:26  Refinery  
  142  10:28  Terran Infantry Armor Level 2  
  143  10:29  SCV  
  143  10:33  SCV  
  143  10:35  Marine  
  146  10:36  SCV  
  146  10:38  Missile Turret  
  146  10:41  SCV  
  148  10:43  Marine x3, Marauder x2  
  148  10:46  Ghost Academy, SCV  
  156  10:50  SCV  
  156  10:54  Widow Mine x2  
  161  11:02  Fusion Core  
  161  11:03  Marine, Barracks  
  161  11:04  Marauder, Barracks  
  164  11:09  SCV  
  164  11:10  SCV  
  164  11:11  SCV  
  167  11:15  Sensor Tower  
  167  11:21  SCV  
  167  11:23  SCV x2  
  170  11:28  Supply Depot  
  170  11:29  Ghost  
  170  11:30  Planetary Fortress, Marine, Ghost, Marauder  
  177  11:33  SCV  
  177  11:35  Missile Turret  
  177  11:37  Missile Turret  
  177  11:38  SCV x2  
  180  11:43  Supply Depot  
  180  11:49  Missile Turret  
  180  11:50  SCV  
  181  11:55  Terran Infantry Weapons Level 3  
  181  11:56  SCV, Starport  
  181  11:57  Missile Turret  
  181  12:01  Liberator x2  
  182  12:03  Barracks Tech Lab x2  
  182  12:05  Barracks Reactor  
  182  12:08  SCV x3, Refinery  
  191  12:13  Caduceus Reactor  
  191  12:23  SCV x2  
  191  12:24  Supply Depot, Command Center  
  193  12:33  Terran Ship Weapons Level 2  
  193  12:39  Sensor Tower  
  193  12:42  Command Center  
  193  12:45  Terran Infantry Armor Level 3  
  193  12:49  Marine x2, Marauder x2  
  199  13:01  Refinery  
  199  13:03  Missile Turret  
  199  13:10  Advanced Ballistics  
  196  13:19  Missile Turret  
  196  13:20  Missile Turret x3  
  196  13:23  Command Center, Personal Cloaking  
  192  13:41  Viking x2  
  185  13:55  Liberator x2  
  179  13:56  Marine x2, Marauder x2  
  189  14:04  Command Center  
  189  14:10  Liberator x2  
  189  14:15  Sensor Tower  
  195  14:32  Neosteel Armor  
  195  14:38  Liberator x2  
  194  14:41  Command Center  
  200  14:52  Terran Ship Weapons Level 3  
  197  15:02  Liberator  
  197  15:03  Liberator  
  194  15:08  Marine x2  
  194  15:09  Marauder x2  
  186  15:20  Marine x2, Marauder x2  
  186  15:21  Liberator x2  
  182  15:32  Ghost  
  182  15:33  Marine, Marauder  
  180  15:39  Ghost  
  180  15:40  Marine x3  
  180  15:41  Ghost  
  180  15:42  Marauder  
  179  15:45  Planetary Fortress, Liberator  
  179  15:46  Liberator  
  183  15:50  Marine  
  183  15:55  Marauder  
  176  15:58  Marine x3  
  176  16:02  Marauder, SCV  
  176  16:03  Marauder  
  181  16:08  Orbital Command, Marine  
  181  16:09  Marauder  
  181  16:10  Marauder  
  184  16:15  Ghost, Marine  
  184  16:16  Marine x2  
  187  16:23  Liberator, Marauder  
  187  16:25  Marine  
  187  16:30  Marauder  
  165  16:33  Widow Mine  
  165  16:35  Marine  
  165  16:36  Marine, Marauder  
  165  16:44  Marauder  
  162  16:50  Marine x2, Marauder  
  162  16:51  Marauder, Marine  
  162  16:53  Marine  
  158  16:54  Widow Mine  
  158  16:57  Marauder  
  158  16:59  Marine  
  163  17:04  Liberator  
  166  17:11  Liberator  
  166  17:15  Ghost, Marine  
  169  17:20  Planetary Fortress  
  172  17:23  SCV x2  
  172  17:24  SCV  
  175  17:30  Ghost, Marine  
  175  17:31  Marine, Missile Turret  
  179  17:41  Liberator, Medivac  
  184  17:45  Missile Turret  
  184  17:47  Liberator  
  187  17:53  Marine, Marauder  
  187  17:54  Liberator  
  187  17:55  Missile Turret  
  193  18:03  Sensor Tower  
  187  18:18  Marine x2  
  187  18:19  Marauder x2  
  181  18:20  Liberator  
  181  18:21  Marine x3, Marauder  
  181  18:22  Marauder  
  181  18:23  Orbital Command, Liberator  
  178  18:35  Liberator  
  178  18:36  Marine  
  178  18:39  Marine  
  178  18:40  Marauder x3  
  181  18:48  Marine x2  
  170  18:49  Marauder x2  
  139  18:56  Orbital Command  
  139  19:02  Marine x2, Marauder  
  118  19:15  Widow Mine  
  103  19:21  Marine  
  103  19:22  Marine  
  105  19:30  Marine x2  
  107  19:36  Marine, Widow Mine, Marauder  
  112  19:39  SCV  
  112  19:40  SCV  
Show
View Real Time Build Order
Export as new Build Order

Zoun Protoss - Winner!

Build Orders: 1 Gate Expand, Blink Stalkers 

Get SALT Encoding   

  12  0:00  Probe  
  13  0:12  Probe  
  14  0:19  Pylon  
  14  0:24  Probe  
  15  0:33  Probe  
  15  0:41  Gateway, Probe  
  16  0:48  Assimilator  
  17  0:51  Probe  
  18  1:03  Probe  
  19  1:15  Probe  
  20  1:28  Cybernetics Core  
  20  1:36  Nexus  
  20  1:41  Pylon  
  20  1:44  Probe  
  21  1:51  Assimilator  
  17  1:54  Adept  
  21  1:56  Probe  
  22  2:05  Warp Gate  
  25  2:08  Probe  
  25  2:14  Adept  
  25  2:20  Probe  
  26  2:29  Twilight Council  
  28  2:32  Probe  
  28  2:35  Shield Battery  
  28  2:36  Blink  
  29  2:44  Probe  
  29  2:45  Stalker  
  29  2:47  Probe  
  33  2:55  Probe  
  33  2:56  Probe  
  34  3:04  Probe  
  35  3:10  Probe  
  37  3:16  Gateway  
  37  3:22  Probe  
  37  3:25  Probe  
  39  3:27  Gateway  
  39  3:35  Probe  
  39  3:36  Pylon  
  39  3:38  Probe  
  41  3:42  Robotics Facility  
  41  3:47  Probe  
  42  3:50  Probe  
  42  3:54  Pylon, Stalker  
  45  3:59  Probe  
  46  4:07  Assimilator  
  46  4:11  Stalker  
  48  4:18  Probe x2  
  48  4:21  Stalker x2  
  54  4:27  Pylon  
  54  4:31  Probe  
  55  4:35  Stalker  
  55  4:38  Observer  
  58  4:42  Probe  
  58  4:43  Probe  
  58  4:45  Stalker  
  62  4:54  Pylon, Probe  
  62  4:56  Charge  
  62  4:57  Probe, Nexus  
  64  5:01  Observer  
  65  5:08  Probe  
  65  5:10  Pylon  
  66  5:16  Probe  
  66  5:17  Robotics Bay  
  67  5:23  Gateway  
  67  5:24  Gateway, Observer  
  67  5:25  Gateway  
  67  5:27  Probe  
  68  5:28  Probe, Immortal  
  69  5:39  Sentry  
  69  5:41  Probe x2  
  77  5:49  Zealot x2  
  81  5:50  Shield Battery  
  81  5:56  Pylon  
  80  6:04  Gateway x2  
  80  6:05  Colossus  
  86  6:11  Zealot  
  86  6:16  Stalker  
  90  6:25  Zealot x3  
  92  6:28  Zealot  
  91  6:40  Pylon  
  91  6:53  Pylon  
  85  6:54  Pylon  
  85  6:57  Colossus  
  85  6:58  Probe  
  85  7:00  Zealot  
  86  7:02  Zealot  
  86  7:13  Forge, Extended Thermal Lance  
  86  7:17  Nexus  
  86  7:21  Pylon  
  84  7:25  Probe x2  
  86  7:30  Sentry  
  88  7:37  Protoss Ground Weapons Level 1, Nexus, Probe  
  88  7:38  Pylon  
  88  7:43  Warp Prism  
  89  7:44  Probe  
  89  7:49  Probe  
  93  7:54  Observer  
  93  7:55  Gateway  
  93  7:57  Gateway  
  93  8:01  Zealot  
  95  8:06  Stalker  
  95  8:08  Stalker  
  99  8:15  Stalker  
  99  8:17  Observer  
  99  8:19  Probe x2  
  103  8:27  Observer  
  103  8:30  Probe  
  103  8:31  Probe x2  
  106  8:39  Observer  
  106  8:41  Photon Cannon  
  106  8:42  Photon Cannon x2, Probe  
  106  8:43  Probe, Observer  
  108  8:48  Zealot x3  
  108  8:50  Probe x2  
  108  8:54  Probe  
  108  8:55  Probe  
  118  8:56  Forge  
  118  8:58  Zealot  
  118  8:59  Observer  
  118  9:11  Probe x2  
  120  9:17  Probe  
  120  9:19  Gateway  
  120  9:21  Zealot x7  
  120  9:22  Colossus  
  141  9:33  Protoss Ground Weapons Level 2  
  141  9:34  Probe x2  
  135  9:39  Protoss Ground Armor Level 1  
  131  9:47  Zealot x5  
  131  9:51  Zealot  
  130  9:52  Nexus  
  130  9:54  Pylon  
  130  9:56  Stalker x2  
  130  9:57  Probe x2  
  126  10:00  Probe  
  127  10:10  Probe  
  127  10:11  Probe, Immortal  
  127  10:12  Probe  
  127  10:17  Probe  
  127  10:18  Probe  
  127  10:19  Probe  
  134  10:29  Stalker x4  
  134  10:30  Probe x4  
  146  10:42  Probe x3  
  147  10:44  Pylon, Dark Shrine  
  147  10:46  Pylon  
  147  10:47  Pylon, Observer  
  147  10:50  Pylon  
  147  10:52  Immortal, Probe  
  147  10:54  Probe  
  147  10:55  Probe x2  
  155  11:02  Robotics Facility  
  155  11:07  Probe x4  
  155  11:08  Probe  
  160  11:12  Shield Battery  
  160  11:13  Photon Cannon  
  160  11:25  Observer  
  159  11:29  Gateway  
  159  11:30  Gateway  
  159  11:31  Protoss Ground Weapons Level 3, Nexus, Pylon  
  159  11:32  Protoss Ground Armor Level 2  
  160  11:39  Shield Battery, Warp Prism x2  
  161  11:40  Probe x3, Photon Cannon  
  161  11:41  Pylon  
  161  11:43  Zealot  
  169  11:56  Probe  
  169  11:57  Probe, Shadow Stride  
  169  11:59  Photon Cannon  
  169  12:00  Photon Cannon  
  171  12:09  Shield Battery  
  171  12:11  Photon Cannon  
  171  12:14  Immortal  
  171  12:15  Pylon  
  169  12:16  Gravitic Boosters  
  169  12:19  Pylon, Gateway  
  169  12:22  Gateway  
  169  12:23  Gateway  
  169  12:24  Immortal  
  169  12:26  Gateway  
  177  12:32  Stalker x2  
  177  12:37  Zealot x4  
  183  12:38  Dark Templar  
  183  12:39  Zealot x2  
  183  12:40  Zealot  
  197  12:54  Assimilator  
  197  13:04  Nexus  
  197  13:08  Gravitic Drive  
  192  13:21  Zealot x4  
  196  13:38  Robotics Facility  
  188  13:49  Stalker x2, Zealot x3  
  188  13:50  Zealot  
  184  13:58  Protoss Ground Armor Level 3  
  176  14:03  Pylon  
  176  14:04  Zealot x10  
  196  14:14  Protoss Shields Level 1, Gateway  
  196  14:15  Gateway x2, Probe x4  
  196  14:16  Gateway  
  200  14:17  Gateway  
  200  14:19  Stalker  
  200  14:29  Shield Battery  
  200  14:31  Photon Cannon  
  194  14:41  Zealot x5  
  194  14:42  Nexus  
  194  14:44  Pylon  
  196  15:03  Dark Templar  
  196  15:04  Zealot  
  193  15:20  Zealot x8  
  199  15:26  Pylon, Nexus, Stalker  
  199  15:27  Stalker  
  191  15:40  Stalker x9  
  191  15:41  Immortal x2  
  191  15:42  Immortal  
  177  15:53  Zealot x4  
  177  15:54  Zealot x8  
  161  16:07  Sentry  
  161  16:08  Stalker x5  
  172  16:15  Zealot x13  
  172  16:16  Zealot x2  
  171  16:32  Zealot x4  
  171  16:33  Zealot x2  
  171  16:37  Nexus  
  171  16:39  Pylon  
  183  16:43  Colossus  
  179  16:52  Zealot x4  
  179  16:53  Zealot x4  
  169  17:00  Probe x3  
  170  17:02  Warp Prism  
  170  17:04  Colossus  
  170  17:09  Assimilator  
  178  17:16  Nexus  
  178  17:21  Pylon  
  178  17:27  Zealot x9  
  178  17:28  Zealot x2  
  198  17:39  Stalker  
  200  17:47  Shield Battery  
  200  17:49  Photon Cannon, Assimilator  
  189  18:21  Stalker x5  
  171  18:37  Zealot x6  
  171  18:38  Zealot x10  
  171  18:40  Colossus x2  
  181  19:01  Stalker x2  
  181  19:02  Zealot x11  
  183  19:07  Zealot x8  
  129  19:27  Zealot x13  
  129  19:28  Zealot, Stalker x5  
  129  19:30  Zealot x2  
  171  19:39  Nexus  
  155  19:47  Pylon  
  155  19:49  Zealot x5  
  155  19:50  Zealot x7  
Tags
 
Add a new tag
Caveats
  • Supply blocks, unpowered buildings, or Contaminate may cause inaccurate times.
  • Supply counts are checked every 10 seconds.